 Dungeon Crawl Stone Soup version 0.28-a0-957-g42eb19b844 (webtiles) character file.

Game seed: 4587239708761393768

4 elagabalus the Shield-Bearer (level 1, 12/14 HPs)
             Began as a Gargoyle Fighter on Nov 30, 2021.
             Quit the game on level 1 of the Dungeon.
             The game lasted 00:02:43 (192 turns).

elagabalus the Shield-Bearer (Gargoyle Fighter)      Turns: 192, Time: 00:02:43

Health: 12/14      AC:  9    Str: 19    XL:     1   Next: 60%
Magic:  1/1        EV:  9    Int:  8    God:
Gold:   15         SH:  4    Dex:  9    Spells: 0/0 levels left

rFire   . . .      SeeInvis .   a - +0 flail
rCold   . . .      Faith    .   c - +0 buckler
rNeg    + . .      Spirit   .   b - +0 scale mail
rPois   ∞          Reflect  .   (no helmet)
rElec   +          Harm     .   (no cloak)
rCorr   .          Rampage  .   (no gloves)
Will    .....                   (no boots)
Stlth   ..........              (no amulet)
HPRegen 0.04/turn               (no ring)
MPRegen 0.07/turn               (no ring)

@: no status effects
A: sickness immunity, AC +2, negative energy resistance 1, electricity
resistance, torment resistance 1, petrification resistance
a: no special abilities


You were on level 1 of the Dungeon.
You visited 1 branch of the dungeon, and saw 1 of its levels.

You collected 15 gold pieces.

Inventory:

Hand Weapons
 a - a +0 flail (weapon)
Armour
 b - a +0 scale mail (worn)
 c - a +0 buckler (worn)
Scrolls
 f - a scroll of enchant armour {unknown}
Potions
 d - a potion of might
 e - a potion of curing {unknown}


   Skills:
 + Level 3.4 Fighting
 - Level 2.0 Maces & Flails
 + Level 3.4 Armour
 + Level 3.4 Shields


You couldn't memorise any spells.
You didn't know any spells.
Your spell library was empty.

Dungeon Overview and Level Annotations

Branches:
Dungeon (1/15)

Altars:


Innate Abilities, Weirdness & Mutations

You are immune to sickness and miasma.
Your stone body is resilient. (AC +2)
You are immune to poison.
You resist negative energy. (rN+)
You are resistant to electric shocks. (rElec)
You are resistant to unholy torment.
You are immune to petrification.


Message History

There is an open door here.
Found a golden potion.
Found a stone staircase leading down.
e - a golden potion
Found a ring mail.
A rat comes into view.
You sock the rat!
You kill the rat!
A goblin comes into view. It is wielding a +0 dagger.
The goblin shouts!
Found 14 gold pieces.
You closely miss the goblin. The goblin hits you but does no damage.
You closely miss the goblin. You block the goblin's attack.
You completely miss the goblin.
The goblin hits you but does no damage. x2
You closely miss the goblin. The goblin hits you but does no damage.
You hit the goblin.
The goblin is heavily wounded.
The goblin barely misses you.
You thump the goblin!
You kill the goblin!
Things that are here:
a +0 dagger; a goblin corpse
Found 5 gold pieces.
You now have 5 gold pieces.
A quokka comes into view.
You miss the quokka. The quokka bites you. The quokka barely misses you.
You sock the quokka!
You kill the quokka!
You see here a quokka corpse.
Found 10 gold pieces.
Found a scroll labelled NUTROERR HUKHLI.
You now have 15 gold pieces (gained 10).
A bat comes into view.
The bat hits you but does no damage.
You hit the bat.
You kill the bat!
f - a scroll labelled NUTROERR HUKHLI Welcome back, elagabalus the Gargoyle Fighter.
Press ? for a list of commands and other information.
Are you sure you want to abandon this character and quit the game? (Confirm with "yes".)

# #.# #.#.#
#.# #.#
#.#.###.# #
#.# #.......#
# #.#
###.##### #
### #.# #.#
## #.# #.#
#.# .###.#.#
#.# #####.##
..#.# #.###.#
#......#
.#.#####.##.#
#@###..#
............#
#.# #.....
##.#####.####
#.# ##.####
###.###.##
#.# .# # #
##.#.## #.#
.# #
#####.######
#.. .# #
##.........#
### .
##.#######.#
# ## #.# #


There were no monsters in sight!

Vanquished Creatures
  A goblin (D:1)
  A quokka (D:1)
  A bat (D:1)
  A rat (D:1)
4 creatures vanquished.

Notes
Turn   | Place    | Note
-------+----------+-------------------------------------------
     0 | D:1      | elagabalus the Gargoyle Fighter began the quest for the
                  | Orb.
     0 | D:1      | Reached XP level 1. HP: 14/14 MP: 1/1
   192 | D:1      | Quit the game

Illustrated notes

Levels and vault maps discovered:
D:1:      grunt_arrival_lava_bath, layout_loops_corners,
          shapermc_ecumenical_altar_starsandcircs,
          ebering_dispersal_statue_hall, minmay_shallow_snake_nest

Action                   || total
-------------------------++-------
Melee: Flail             ||    10
Armor: Scale mail        ||     5
Dodge: Dodged            ||     2
Block: Buckler           ||     1

Table legend: (Time is in decaauts)
 A = Elapsed time spent in this place.
 B = Non-inter-level travel time spent in this place.
 C = Inter-level travel time spent in this place.
 D = Time resting spent in this place.
 E = Time spent auto-exploring this place.
 F = Levels seen in this place.
 G = Mean time per level.
                   A        B        C        D        E       F      G
               +--------+--------+--------+--------+--------+-----+--------+
         Total |    195 |     57 |    138 |      0 |      0 |   1 |  195.0 |
       Dungeon |    195 |     57 |    138 |      0 |      0 |   1 |  195.0 |
               +--------+--------+--------+--------+--------+-----+--------+

Top non-repeatable levels by time:
     D:1: 195 daAuts
